NWL (28 & UNDER)
BISMARK BORDER GUARDS @ MOOSE JAW GHOSTBUSTERS
09/12/2027
 
TOP OF THE 1ST
Bismark Border Guards batting - Pitching for Moose Jaw Ghostbusters : LHP Jon Vaughn
Pitching: LHP Jon Vaughn
Batting: RHB Jeremiah Soto 0-0: Ball
1-0: Called Strike
1-1: Bunt missed!
1-2: Ball
2-2: Fly out, F7 (Flyball, 78XD)
Batting: RHB Enrique Soto 0-0: Ball
1-0: Foul Ball, location: 2F
1-1: Ball
2-1: Fly out, F6 (Line Drive, 56)
Batting: RHB Tony Hernández 0-0: Called Strike
0-1: Swinging Strike
0-2: Foul Ball, location: 2F
0-2: Strikes out looking
Top of the 1st over - 0 run(s), 0 hit(s), 0 error(s), 0 left on base; Bismark 0 - Moose Jaw 0
BOTTOM OF THE 1ST
Moose Jaw Ghostbusters batting - Pitching for Bismark Border Guards : RHP Edward Hastings
Pitching: RHP Edward Hastings
Batting: SHB Carlos Córdova 0-0: Ball
1-0: Ball
2-0: Ball
3-0: Base on Balls
Batting: RHB Manuel Pérez 0-0: Ball
1-0: Foul Ball, location: 2F
1-1: Ball
2-1: SINGLE (Flyball, 8LS)
Carlos Córdova to second
Runner from 2nd tries for 3rd, SAFE, throw made to third
Manuel Pérez to second
Batting: RHB John Major 0-0: Ground out 5-3 (Groundball, 56S)
Carlos Córdova scores
Manuel Pérez to third
Batting: RHB Billy Mullins 0-0: Ball
1-0: Ball
2-0: Called Strike
2-1: Ball
3-1: Base on Balls
Batting: LHB Will Vale 0-0: Fly out, F8 (Flyball, 8LS)
Runner from 3rd tags up, SCORES, throw made
Batting: RHB Juan Vázquez 0-0: Called Strike
0-1: Ball
1-1: Called Strike
1-2: SINGLE (Groundball, 6MD)
Billy Mullins to second
Batting: SHB Martín Cruz 0-0: Foul Ball, location: 2F
0-1: Ball
1-1: Swinging Strike
1-2: Ball
2-2: Ball
3-2: SINGLE (Line Drive, 78S)
Billy Mullins to third
Juan Vázquez to second
Billy Mullins scores
Juan Vázquez to third
Batting: RHB Don Turner 0-0: Foul Ball, location: 2F
0-1: Ball
1-1: Called Strike
1-2: Ball
2-2: Ground out 6-3 (Groundball, 56)
Bottom of the 1st over - 3 run(s), 3 hit(s), 0 error(s), 2 left on base; Bismark 0 - Moose Jaw 3
TOP OF THE 2ND
Bismark Border Guards batting - Pitching for Moose Jaw Ghostbusters : LHP Jon Vaughn
Batting: RHB Alfredo Farías 0-0: Ball
1-0: Foul Ball, location: 2F
1-1: Ball
2-1: Fly out, F7 (Flyball, 78M)
Batting: RHB José Vidal 0-0: Ground out 4-3 (Groundball, 4)
Batting: RHB Reynaldo Slomp 0-0: Foul Ball, location: 2F
0-1: Foul Ball, location: 2F
0-2: Fly out, F8 (Line Drive, 8LM)
Top of the 2nd over - 0 run(s), 0 hit(s), 0 error(s), 0 left on base; Bismark 0 - Moose Jaw 3
BOTTOM OF THE 2ND
Moose Jaw Ghostbusters batting - Pitching for Bismark Border Guards : RHP Edward Hastings
Batting: RHB Andrew Weatherly 0-0: Ball
1-0: Foul Ball, location: 2F
1-1: Foul Ball, location: 2F
1-2: Ball
2-2: Foul Ball, location: 2F
2-2: Ball
3-2: Foul Ball, location: 2F
3-2: Foul Ball, location: 2F
3-2: Foul Ball, location: 2F
3-2: Strikes out swinging
Batting: SHB Carlos Córdova 0-0: Ball
1-0: Swinging Strike
1-1: Swinging Strike
1-2: Ball
2-2: Ball
3-2: Base on Balls
Batting: RHB Manuel Pérez 0-0: SINGLE (Line Drive, 34D)
Carlos Córdova to second
Carlos Córdova to third
Batting: RHB John Major 0-0: Called Strike
0-1: Foul Ball, location: 2F
0-2: Ball
Manuel Pérez steals 2nd base
1-2: Ball
2-2: Ball
3-2: Strikes out swinging
Batting: RHB Billy Mullins 0-0: Fly out, F9 (Flyball, 9)
Bottom of the 2nd over - 0 run(s), 1 hit(s), 0 error(s), 2 left on base; Bismark 0 - Moose Jaw 3
TOP OF THE 3RD
Bismark Border Guards batting - Pitching for Moose Jaw Ghostbusters : LHP Jon Vaughn
Batting: SHB Vicente Pagán 0-0: Ball
1-0: Ground out 1-3 (Groundball, 13)
Batting: SHB Júlio Romano 0-0: Called Strike
0-1: Called Strike
0-2: Ball
1-2: Ball
2-2: Ground out 4-3 (Groundball, 4)
Batting: RHB Rodrigo García 0-0: Called Strike
0-1: Called Strike
0-2: Ball
1-2: Strikes out swinging
Top of the 3rd over - 0 run(s), 0 hit(s), 0 error(s), 0 left on base; Bismark 0 - Moose Jaw 3
BOTTOM OF THE 3RD
Moose Jaw Ghostbusters batting - Pitching for Bismark Border Guards : RHP Edward Hastings
Batting: LHB Will Vale 0-0: Foul Ball, location: 2F
0-1: Swinging Strike
0-2: Ball
1-2: Strikes out swinging
Batting: RHB Juan Vázquez 0-0: Called Strike
0-1: Ball
1-1: Called Strike
1-2: Strikes out swinging
Batting: SHB Martín Cruz 0-0: Called Strike
0-1: Ball
1-1: Called Strike
1-2: Foul Ball, location: 2F
1-2: Ball
2-2: Ball
3-2: Ground out 6-3 (Groundball, 6M)
Bottom of the 3rd over - 0 run(s), 0 hit(s), 0 error(s), 0 left on base; Bismark 0 - Moose Jaw 3
TOP OF THE 4TH
Bismark Border Guards batting - Pitching for Moose Jaw Ghostbusters : LHP Jon Vaughn
Batting: RHB Jeremiah Soto 0-0: Ball
1-0: Bunted foul
1-1: Called Strike
1-2: SOLO HOME RUN (Line Drive, 7LD), Distance : 349 ft
Batting: RHB Enrique Soto 0-0: Called Strike
0-1: Foul Ball, location: 2F
0-2: Ball
1-2: Foul Ball, location: 2F
1-2: Ball
2-2: Strikes out looking
Batting: RHB Tony Hernández 0-0: Ball
1-0: Ground out 5-3 (Groundball, 5)
Batting: RHB Alfredo Farías 0-0: Ground out 4-3 (Groundball, 4)
Top of the 4th over - 1 run(s), 1 hit(s), 0 error(s), 0 left on base; Bismark 1 - Moose Jaw 3
BOTTOM OF THE 4TH
Moose Jaw Ghostbusters batting - Pitching for Bismark Border Guards : RHP Edward Hastings
Batting: RHB Don Turner 0-0: Ground out 5-3 (Groundball, 56S)
Batting: RHB Andrew Weatherly 0-0: Ball
1-0: Called Strike
1-1: Ball
2-1: Foul Ball, location: 2F
2-2: Ball
3-2: Foul Ball, location: 2F
3-2: Foul Ball, location: 2F
3-2: SINGLE (Groundball, 4) (infield hit)
Batting: SHB Carlos Córdova 0-0: Called Strike
0-1: Fly out, F7 (Flyball, 7LS)
Batting: RHB Manuel Pérez 0-0: Fielders Choice at 2nd, 5-4 (Groundball, 5)
Bottom of the 4th over - 0 run(s), 1 hit(s), 0 error(s), 0 left on base; Bismark 1 - Moose Jaw 3
TOP OF THE 5TH
Bismark Border Guards batting - Pitching for Moose Jaw Ghostbusters : LHP Jon Vaughn
Batting: RHB José Vidal 0-0: Ball
1-0: Ground out 4-3 (Groundball, 4)
Batting: RHB Reynaldo Slomp 0-0: Ball
1-0: Ball
2-0: Called Strike
2-1: SINGLE (Groundball, 6D)
Batting: SHB Vicente Pagán 0-0: Swinging Strike
0-1: Ball
1-1: Ball
2-1: Fly out, F8 (Line Drive, 8RM)
Batting: SHB Júlio Romano 0-0: Ball
1-0: Ball
2-0: Ground out 6-3 (Groundball, 6M)
Top of the 5th over - 0 run(s), 1 hit(s), 0 error(s), 1 left on base; Bismark 1 - Moose Jaw 3
BOTTOM OF THE 5TH
Moose Jaw Ghostbusters batting - Pitching for Bismark Border Guards : RHP Edward Hastings
Batting: RHB John Major 0-0: Ball
1-0: Ground out 6-3 (Groundball, 6)
Batting: RHB Billy Mullins 0-0: Called Strike
0-1: Reached via error on a dropped throw, E3
Batting: LHB Will Vale 0-0: Swinging Strike
0-1: Ball
1-1: Ball
2-1: Foul Ball, location: 2F
2-2: Strikes out swinging
Batting: RHB Juan Vázquez 0-0: Foul Ball, location: 2F
0-1: Ball
1-1: Ball
Billy Mullins steals 2nd base
2-1: Foul Ball, location: 2F
2-2: Ball
3-2: Strikes out looking
Bottom of the 5th over - 0 run(s), 0 hit(s), 1 error(s), 1 left on base; Bismark 1 - Moose Jaw 3
TOP OF THE 6TH
Bismark Border Guards batting - Pitching for Moose Jaw Ghostbusters : LHP Jon Vaughn
Batting: RHB Rodrigo García 0-0: Ball
1-0: Foul Ball, location: 2F
1-1: Swinging Strike
1-2: Foul Ball, location: 2F
1-2: Foul Ball, location: 2F
1-2: Foul Ball, location: 2F
1-2: Ball
2-2: Ball
3-2: Foul Ball, location: 2F
3-2: Fly out, F8 (Flyball, 8LM)
Batting: RHB Jeremiah Soto 0-0: Fly out, F5 (Popup, 56S)
Batting: RHB Enrique Soto 0-0: Called Strike
0-1: Foul Ball, location: 2F
0-2: Fly out, F8 (Flyball, 8RD)
Top of the 6th over - 0 run(s), 0 hit(s), 0 error(s), 0 left on base; Bismark 1 - Moose Jaw 3
BOTTOM OF THE 6TH
Moose Jaw Ghostbusters batting - Pitching for Bismark Border Guards : RHP Edward Hastings
Pitching: RHP Steve Benson
Batting: SHB Martín Cruz 0-0: Called Strike
0-1: Foul Ball, location: 2F
0-2: Ball
1-2: Ball
2-2: Foul Ball, location: 2F
2-2: Ball
3-2: Fly out, F8 (Flyball, 8RD)
Batting: RHB Don Turner 0-0: Ball
1-0: Ball
2-0: Foul Ball, location: 2F
2-1: Ball
3-1: Swinging Strike
3-2: Foul Ball, location: 2F
3-2: Base on Balls
Batting: RHB Andrew Weatherly 0-0: Ball
1-0: Foul Ball, location: 2F
1-1: Foul Ball, location: 2F
1-2: Foul Ball, location: 2F
1-2: Ball
2-2: Strikes out swinging
Don Turner steals 2nd base
Batter strikes out.
Batting: SHB Carlos Córdova 0-0: Intentional Walk
Batting: RHB Manuel Pérez 0-0: Ball
1-0: Called Strike
1-1: Called Strike
1-2: Ball
2-2: Strikes out swinging
Bottom of the 6th over - 0 run(s), 0 hit(s), 0 error(s), 2 left on base; Bismark 1 - Moose Jaw 3
TOP OF THE 7TH
Bismark Border Guards batting - Pitching for Moose Jaw Ghostbusters : LHP Jon Vaughn
Batting: RHB Tony Hernández 0-0: Fly out, F8 (Flyball, 8RM)
Batting: RHB Alfredo Farías 0-0: Fly out, F3 (Popup, 3L)
Batting: RHB José Vidal 0-0: Ball
1-0: Foul Ball, location: 2F
1-1: Called Strike
1-2: Ball
2-2: Ball
3-2: Foul Ball, location: 2F
3-2: Ground out 4-3 (Groundball, 34)
Top of the 7th over - 0 run(s), 0 hit(s), 0 error(s), 0 left on base; Bismark 1 - Moose Jaw 3
BOTTOM OF THE 7TH
Moose Jaw Ghostbusters batting - Pitching for Bismark Border Guards : RHP Steve Benson
Batting: RHB John Major 0-0: Ball
1-0: Ball
2-0: Ball
3-0: Base on Balls
Pitching: RHP Raúl Salsa
Batting: RHB Billy Mullins 0-0: Called Strike
0-1: Ball
1-1: Foul Ball, location: 2F
1-2: Fly out, F8 (Flyball, 8RM)
Batting: LHB Will Vale 0-0: Ball
1-0: Fly out, F8 (Flyball, 8LS)
Pitching: LHP Júlio Parra
Batting: RHB Juan Vázquez 0-0: Swinging Strike
0-1: Foul Ball, location: 2F
0-2: Strikes out looking
Bottom of the 7th over - 0 run(s), 0 hit(s), 0 error(s), 1 left on base; Bismark 1 - Moose Jaw 3
TOP OF THE 8TH
Bismark Border Guards batting - Pitching for Moose Jaw Ghostbusters : LHP Jon Vaughn
Batting: RHB Reynaldo Slomp 0-0: Called Strike
0-1: Ball
1-1: Swinging Strike
1-2: Foul Ball, location: 2F
1-2: Ball
2-2: Foul Ball, location: 2F
2-2: Ball
3-2: Base on Balls
Pitching: RHP Whit Johnson
Batting: SHB Vicente Pagán 0-0: Swinging Strike
0-1: Foul Ball, location: 2F
0-2: Fly out, F9 (Flyball, 9)
Batting: SHB Júlio Romano 0-0: Called Strike
0-1: Ball
1-1: Swinging Strike
1-2: Fielders Choice at 2nd, 3-6 (Groundball, 34)
Batting: RHB Rodrigo García 0-0: Ball
1-0: Fly out, F7 (Flyball, 7S)
Top of the 8th over - 0 run(s), 0 hit(s), 0 error(s), 1 left on base; Bismark 1 - Moose Jaw 3
BOTTOM OF THE 8TH
Moose Jaw Ghostbusters batting - Pitching for Bismark Border Guards : LHP Júlio Parra
Batting: SHB Martín Cruz 0-0: Ball
1-0: Ball
2-0: Ball
3-0: Called Strike
3-1: Base on Balls
Batting: RHB Don Turner 0-0: Foul Ball, location: 2F
0-1: Ball
1-1: Sac Bunt - play at first, batter OUT! 5-4
Martín Cruz to second
Batting: RHB Andrew Weatherly 0-0: Swinging Strike
0-1: Swinging Strike
0-2: Ball
1-2: Strikes out looking
Batting: SHB Carlos Córdova 0-0: Ground out 5-3 (Groundball, 56)
Bottom of the 8th over - 0 run(s), 0 hit(s), 0 error(s), 1 left on base; Bismark 1 - Moose Jaw 3
TOP OF THE 9TH
Bismark Border Guards batting - Pitching for Moose Jaw Ghostbusters : RHP Whit Johnson
Pitching: RHP Bill Jones
Batting: RHB Jeremiah Soto 0-0: Ball
1-0: Fly out, F9 (Flyball, 89D)
Batting: RHB Enrique Soto 0-0: Called Strike
0-1: Swinging Strike
0-2: Ball
1-2: Strikes out swinging
Batting: RHB Tony Hernández 0-0: Ball
1-0: Called Strike
1-1: Foul Ball, location: 2F
1-2: Ball
2-2: Foul Ball, location: 2F
2-2: Ball
3-2: Ground out 6-3 (Groundball, 6)
Top of the 9th over - 0 run(s), 0 hit(s), 0 error(s), 0 left on base; Bismark 1 - Moose Jaw 3
Thursday, March 30th, 2017 - OOTP Baseball 17.12 Build 75